 Dungeon Crawl Stone Soup version 0.25.1-1-g288607f5aa (webtiles) character file.

Game seed: 15323989259829607240

2181 Acheron the Ruffian (level 9, -1/80 HPs)
             Began as a Troll Earth Elementalist on July 28, 2020.
             Was a Follower of Okawaru.
             Slain by a two-headed ogre
             ... wielding a cursed -1 dire flail
              (26 damage)
             ... on level 8 of the Dungeon.
             The game lasted 00:26:50 (5618 turns).

Acheron the Ruffian (Troll Earth Elementalist)      Turns: 5618, Time: 00:26:50

Health: -1/80      AC: 13    Str: 18    XL:     9   Next: 11%
Magic:  9/11       EV: 18    Int: 13    God:    Okawaru [*.....]
Gold:   412        SH:  0    Dex: 11    Spells: 6/13 levels left

rFire    . . .     SeeInvis .     - Unarmed
rCold    . . .     Gourm    +   (no shield)
rNeg     . . .     Faith    .   c - +1 robe
rPois    .         Spirit   .   j - +2 hat
rElec    .         Reflect  .   (no cloak)
rCorr    .         Harm     .   (gloves unavailable)
MR       .....                  (boots unavailable)
Stlth    +++.......             (no amulet)
HPRegen  0.63/turn              f - +4 ring of protection
MPRegen  0.12/turn              q - +4 ring of evasion

@: heroism
A: large, unfitting armour, claws 3, fast metabolism 3, gourmand, regeneration
1, shaggy fur 1, tough skin 3
a: Heroism, Renounce Religion


You were on level 8 of the Dungeon.
You worshipped Okawaru.
Okawaru was aware of your devotion.
You were very full.

You visited 2 branches of the dungeon, and saw 9 of its levels.

You collected 412 gold pieces.

Inventory:

Hand Weapons
 e - a +0 war axe
 n - the +9 scythe of Hosoetze {chaos, rF+}
   (You found it on level 5 of the Dungeon)

   Each time it hits an enemy it has a different, random effect.
   It protects you from fire.
 p - a +5 mace
Missiles
 b - 147 stones
 m - 35 sling bullets
 o - 2 javelins (quivered)
 s - 69 arrows
 y - 7 boomerangs
 z - a throwing net
Armour
 c - a +1 robe (worn)
 j - a +2 hat (worn)
 A - a +0 kite shield
Jewellery
 f - a +4 ring of protection (left claw)
 q - a +4 ring of evasion (right claw)
Wands
 r - a wand of random effects (17)
Scrolls
 g - 4 scrolls of amnesia
 h - 2 scrolls of teleportation
 i - 8 scrolls of identify
 k - a scroll of remove curse
 l - 5 scrolls of immolation
 u - a scroll of enchant weapon
 w - a scroll of random uselessness {unknown}
Potions
 a - 2 potions of curing
 t - a potion of mutation
 v - a potion of resistance
Comestibles
 d - 17 rations


   Skills:
 * Level 2.4(7.4) Fighting
 * Level 2.4(7.4) Throwing
 * Level 4.1(9.1) Dodging
 * Level 2.1(7.1) Stealth
 * Level 7.0(12.0) Unarmed Combat
 * Level 2.5 Spellcasting
 * Level 1.6 Conjurations
 + Level 1.6 Transmutations
 * Level 4.3 Earth Magic
 + Level 0.5 Evocations


You had 6 spell levels left.
You knew the following spells:

 Your Spells              Type           Power        Failure   Level  Hunger
a - Sandblast             Erth           ##....       4%          1    #......
b - Passwall              Tmut/Erth      #.......     11%         2    ###....
c - Stone Arrow           Conj/Erth      #.....       22%         3    ###....
d - Beastly Appendage     Tmut           #.....       12%         1    #......

Your spell library contained the following spells:

 Spells                   Type           Power        Failure   Level  Hunger
 Sticks to Snakes         Tmut           #.......     19%         2    ###....
 Spider Form              Tmut/Pois      #.........   45%         3    ###....
 Petrify                  Tmut/Erth      #.......     56%         4    #####..
 Lee's Rapid Deconstruct  Erth           ##........   73%         5    ######.
 Ice Form                 Ice/Tmut       #.......     86%         4    #####..
 Blade Hands              Tmut           #.........   98%         5    ######.


Dungeon Overview and Level Annotations

Branches:
Dungeon (8/15)             Temple (1/1) D:5
   Lair: D:8-11

Altars:
Ashenzari
Cheibriados
Dithmenos
Elyvilon
Fedhas
Gozag
Hepliaklqana
Kikubaaqudgha
Nemelex Xobeh
Okawaru
Qazlal
Ru
Sif Muna
Trog
Uskayaw
Vehumet
Wu Jian
Xom
Yredelemnul
Zin
The Shining One

Shops:
D:6 }

Annotations:
D:3 exclusion: 2 downstairs
D:7 exclusion: downstairs
D:8 Erica


Innate Abilities, Weirdness & Mutations

You are too large for most types of armour.
You have claws for hands.
Your metabolism is lightning-fast.
You like to eat raw meat.
Your natural rate of healing is unusually fast.
You are covered in fur. (AC +1)
You have extremely tough skin. (AC +3)


Message History

The two-headed ogre is lightly wounded.
The two-headed ogre misses you. x2
You mangle the two-headed ogre!!
The two-headed ogre is heavily wounded.
You scratch the two-headed ogre.
The two-headed ogre is heavily wounded.
The two-headed ogre hits you but does no damage.
The two-headed ogre hits you with a +0 giant spiked club!
A hippogriff comes into view.
You barely miss the two-headed ogre.
The two-headed ogre is heavily wounded.
The two-headed ogre hits you with a cursed -1 dire flail!
The two-headed ogre misses you.
You closely miss the two-headed ogre.
The two-headed ogre is heavily wounded.
You claw the two-headed ogre! You claw the two-headed ogre.
The two-headed ogre is almost dead.
The two-headed ogre hits you with a cursed -1 dire flail!!
The two-headed ogre hits you with a +0 giant spiked club!!
You die...

... #..#
#..# #..#
#..##
#...#
#####.#.+
#..@OH.#
#.###..###
#....>...#
###....###
#.#### #..
..## ...#
....#


You could see a two-headed ogre and a hippogriff.

Vanquished Creatures
  3 ogres
  2 ice beasts
  A phantom (D:8)
  2 sky beasts (D:5)
  2 centaurs
  2 bullfrogs
  2 gnoll sergeants (D:7)
  A scorpion (D:5)
  4 wights (D:7)
  A howler monkey (D:5)
  A crimson imp (D:5)
  3 orc priests
  A centaur skeleton (D:4)
  2 hounds
  A jelly (D:6)
  2 iguanas
  4 orc wizards
  5 worker ants
  3 hound skeletons
  9 gnolls (D:7)
  4 adders
  A shadow imp (D:7)
  An adder skeleton (D:5)
  2 worms
  2 dart slugs
  3 leopard geckos
  15 orcs
  9 bats
  6 giant cockroaches
  5 goblins
  8 hobgoblins
  14 jackals
  4 kobolds
  A quokka (D:2)
  2 ball pythons (D:1)
  6 frilled lizards
  4 rats
138 creatures vanquished.

Notes
Turn   | Place    | Note
-------+----------+-------------------------------------------
     0 | D:1      | Acheron the Troll Earth Elementalist began the quest for
                  | the Orb.
     0 | D:1      | Reached XP level 1. HP: 16/16 MP: 1/1
   148 | D:1      | Reached XP level 2. HP: 22/26 MP: 2/2
   993 | D:2      | Reached XP level 3. HP: 31/32 MP: 4/4
  1187 | D:2      | Learned a level 2 spell: Passwall
  1430 | D:2      | Noticed a moth of wrath
  1433 | D:2      | Found a bloodstained altar of Trog.
  1498 | D:3      | Reached skill level 1 in Unarmed Combat
  1498 | D:3      | Reached XP level 4. HP: 23/40 MP: 5/5
  1846 | D:4      | Reached skill level 1 in Fighting
  1846 | D:4      | Reached skill level 2 in Unarmed Combat
  1846 | D:4      | Reached XP level 5. HP: 31/48 MP: 6/6
  1926 | D:4      | Found an ornate altar of the Wu Jian Council.
  1927 | D:4      | Noticed an ogre
  2142 | D:4      | Killed an ogre
  2142 | D:4      | Reached skill level 1 in Throwing
  2142 | D:4      | Reached skill level 1 in Transmutations
  2142 | D:4      | Reached XP level 6. HP: 29/55 MP: 7/7
  2205 | D:5      | Entered Level 5 of the Dungeon
  2216 | D:5      | Reached skill level 3 in Unarmed Combat
  2221 | D:5      | Learned a level 3 spell: Stone Arrow
  2255 | D:5      | Noticed a sky beast
  2266 | D:5      | Killed a sky beast
  2276 | D:5      | Got a slimy scythe
  2308 | D:5      | Identified the +9 scythe of Hosoetze {chaos, rF+} (You
                  | found it on level 5 of the Dungeon)
  2666 | D:4      | Reached XP level 7. HP: 62/62 MP: 8/8
  2687 | D:4      | Reached skill level 4 in Unarmed Combat
  2878 | D:4      | Found a hazy altar of Hepliaklqana.
  2926 | D:5      | Found a staircase to the Ecumenical Temple.
  2965 | Temple   | Entered the Ecumenical Temple
  3046 | Temple   | Became a worshipper of Warmaster Okawaru
  3409 | D:6      | Learned a level 1 spell: Beastly Appendage
  3417 | D:6      | Found a snail-covered altar of Cheibriados.
  3449 | D:6      | Reached skill level 5 in Unarmed Combat
  3544 | D:6      | Found Xenuroukh's Gadget Shop.
  3559 | D:6      | Reached XP level 8. HP: 55/70 MP: 10/10
  4040 | D:6      | Reached skill level 1 in Conjurations
  4372 | D:7      | Reached skill level 6 in Unarmed Combat
  4473 | D:7      | Reached * piety under Okawaru
  4852 | D:7      | Found a shimmering altar of Xom.
  4899 | D:8      | Noticed a two-headed ogre
  4924 | D:7      | Reached XP level 9. HP: 79/79 MP: 8/11
  5090 | D:7      | Reached skill level 7 in Unarmed Combat
  5249 | D:7      | Found a hide-covered altar of Uskayaw.
  5504 | D:8      | Noticed Erica
  5618 | D:8      | Slain by a two-headed ogre

Illustrated notes

Levels and vault maps discovered:
D:1:      dpeg_arrival_shrine, layout_loops_ring, minmay_three_crescents
D:2:      layout_rooms, tgw_trog
D:3:      layout_basic
D:4:      layout_rooms, kennysheep_little_box, overflow_temple_1_default,
          grunt_ministairs_13, minmay_crystal_water
D:5:      layout_loops_ring, minmay_temple_entry_large_hall, first_ration,
          minmay_misc_feat_rugged
D:6:      layout_basic, kennysheep_slug_shrine, serial_shops, shop
D:7:      layout_loops_ring, kennysheep_mini_moat, lemuel_coloured_pillars_altar
D:8:      layout_basic, makhleb_altar_promises_db, dk_noncrumbling_3,
          grunt_ogre_cave, uniq_grum, uniq_erica
Temple:   regret_index_temple_waves

Skill      XL: |  1  2  3  4  5  6  7  8  9 |
---------------+----------------------------+-----
Dodging        | 2 3 4 |  4.1
Earth Magic    | 3 4 |  4.3
Unarmed Combat | 1 2 3 5 6 7 |  7.0
Fighting       | 1 2 |  2.4
Throwing       | 1 2 |  2.4
Transmutations | 1 |  1.6
Spellcasting   | 2 |  2.5
Conjurations   | 1 |  1.6
Stealth        | 2 |  2.1
Evocations     | |  0.5

Action                   |  1- 3 |  4- 6 |  7- 9 || total
-------------------------+-------+-------+-------++-------
Melee: Unarmed           |   116 |   130 |   288 ||   534
       Punch             |       |       |     9 ||     9
Throw: Javelin           |       |     1 |       ||     1
 Cast: Sandblast         |     1 |       |     6 ||     7
       Beastly Appendage |       |       |     1 ||     1
Invok: Heroism           |       |       |     5 ||     5
  Use: Scroll            |     1 |     7 |     5 ||    13
       Potion            |       |       |     2 ||     2
 Stab: Sleeping          |     1 |     1 |     1 ||     3
  Eat: Chunk             |    16 |    12 |    29 ||    57
Armor: Robe              |    66 |    47 |   113 ||   226
Dodge: Dodged            |    67 |    67 |   213 ||   347
